 Dungeon Crawl Stone Soup version 0.30-a0-422-g946f4849ff (webtiles) character file.

Game seed: 16224280371602088808

4 funkygono the Stinger (level 1, -1/13 HPs)
             Began as a Demonspawn Venom Mage on Dec 8, 2022.
             Slain by a giant cockroach (2 damage)
             ... on level 1 of the Dungeon.
             The game lasted 00:00:32 (151 turns).

funkygono the Stinger (Demonspawn Venom Mage)        Turns: 151, Time: 00:00:32

Health: -1/13      AC:  2    Str:  8    XL:     1   Next: 50%
Magic:  0/3        EV: 12    Int: 16    God:
Gold:   25         SH:  0    Dex: 13    Spells: 3/4 levels left

rFire   . . .      SeeInvis .    (no weapon)
rCold   . . .      Faith    .    (no shield)
rNeg    . . .      Spirit   .    a - +0 robe
rPois   .          Reflect  .    (no helmet)
rElec   .          Harm     .    (no cloak)
rCorr   .          Rampage  .    (no gloves)
Will    .....                    (no boots)
Stlth   ++........               (no amulet)
HPRegen 0.22/turn                (no ring)
MPRegen 0.08/turn                (no ring)

@: no status effects
A: no striking features
a: no special abilities


You were on level 1 of the Dungeon.
You visited 1 branch of the dungeon, and saw 1 of its levels.

You collected 25 gold pieces.

Inventory:

Armour
 a - a +0 robe (worn)
Potions
 b - a potion of magic
 c - a potion of might {unknown}
 d - a potion of curing {unknown}


   Skills:
 + Level 1.8 Dodging
 - Level 1.7 Stealth
 + Level 2.1 Spellcasting
 + Level 0.8 Transmutations
 + Level 3.1 Poison Magic


You had 3 spell levels left.
You knew the following spells:

 Your Spells              Type           Power      Damage    Failure   Level
a - Sting                 Tmut/Pois      32%        1d4       9%          1

Your spell library contained the following spells:

 Spells                   Type           Power      Damage    Failure   Level
 Poisonous Vapours        Pois/Air       12%        N/A       16%         2
 Mephitic Cloud           Conj/Pois/Air  5%         N/A       38%         3
 Olgreb's Toxic Radiance  Pois           11%        N/A       50%         4


Dungeon Overview and Level Annotations

Branches:
Dungeon (1/15)

Altars:


Message History

The jackal closely misses you. The jackal attacks as you move away!
The jackal closely misses you.
The jackal looks more healthy.
Found a bubbling golden potion.
The jackal attacks as you move away! The jackal barely misses you.
The jackal bites you. The jackal attacks as you move away!
The jackal bites you. x2
Found 11 gold pieces.
You see here a bubbling golden potion.
The jackal attacks as you move away! The jackal misses you. x2
The jackal attacks as you move away! The jackal completely misses you.
The jackal closely misses you.
Casting: Sting (safe; 9% risk of failure)
Confirm with . or Enter, or press ? or * to list all spells.
Aiming: Sting (safe; 9% risk of failure)
Press: ? - help, Shift-Dir - straight line, f/p - jackal
Aim: a jackal (almost dead, 60% to hit)
The sting misses the jackal.
The sting hits the ball python.
The ball python is poisoned.
You kill the ball python!
The jackal bites you. The giant cockroach closely misses you.
The jackal attacks as you move away! The jackal barely misses you.
The giant cockroach attacks as you move away!
The giant cockroach bites you. The jackal bites you.
The rat twitches its whiskers.
The jackal misses you. The jackal attacks as you move away!
The jackal bites you.
* * * LOW HITPOINT WARNING * * *
The rat twitches its whiskers.
The jackal closely misses you.
The giant cockroach attacks as you move away!
The giant cockroach completely misses you.
The giant cockroach attacks as you move away!
The giant cockroach bites you.
* * * LOW HITPOINT WARNING * * *
The giant cockroach bites you.
* * * LOW HITPOINT WARNING * * *
The giant cockroach attacks as you move away!
The giant cockroach bites you.
You die...

#.##....$# # .$ ##.##.#...# #
.## #.(...#...#### ..# #..#
#........ #.# #..###...!....
###########.# ##........†....
#........##.###......#######.
#....$..>##.>h.J....## ##
#........#..@B..#..## #
#............#.....# #
#........###.#.....# #
#...............##.# #
#...............##.# #
#....†...:......##.# #
#..............###.##########
#......#.......##...)......##
#####.##.#.....##......r.....


You could see an endoplasm, a jackal and a giant cockroach.

Vanquished Creatures
  A quokka (D:1)
  2 ball pythons (D:1)
  A rat (D:1)
4 creatures vanquished.

Vanquished Creatures (others)
  2 ghouls (D:1)
  An octopode (D:1)
  An elf (D:1)
  A troll (D:1)
  A formicid (D:1)
  A human (D:1)
  A demigod (D:1)
  A dwarf (D:1)
  A felid (D:1)
  A mummy (D:1)
  An orc (D:1)
  8 tentacles (D:1)
20 creatures vanquished.

Grand Total: 24 creatures vanquished

Notes
Turn   | Place    | Note
-------+----------+-------------------------------------------
     0 | D:1      | funkygono the Demonspawn Venom Mage began the quest for the
                  | Orb.
     0 | D:1      | Reached XP level 1. HP: 13/13 MP: 3/3
     0 | D:1      | Noticed a formicid
     0 | D:1      | Noticed a human
     0 | D:1      | Noticed a troll
     0 | D:1      | Noticed a dwarf
     0 | D:1      | Noticed a ghoul
     0 | D:1      | Noticed a kraken
     0 | D:1      | Noticed a felid
     0 | D:1      | Noticed an elf
     0 | D:1      | Noticed an octopode
     0 | D:1      | Noticed a demigod
     0 | D:1      | Noticed a ghoul
     3 | D:1      | Killed a demigod
     5 | D:1      | Killed an octopode
     6 | D:1      | Killed a dwarf
     7 | D:1      | Killed an elf
     8 | D:1      | Killed a formicid
     8 | D:1      | Killed a ghoul
     9 | D:1      | Killed a human
     9 | D:1      | Killed a felid
    14 | D:1      | Killed a troll
    16 | D:1      | Killed a ghoul
   151 | D:1      | Slain by a giant cockroach

Illustrated notes

Levels and vault maps discovered:
D:1:      nicolae_arrival_kraken_aquarium_a, layout_rooms, serial_glass,
          glass_columns_c, glass_columns_a, minmay_tromino_v4_a

Action                   || total
-------------------------++-------
 Cast: Sting             ||     7
Armor: Robe              ||     5
Dodge: Dodged            ||    30

Table legend: (Time is in decaauts)
 A = Elapsed time spent in this place.
 B = Non-inter-level travel time spent in this place.
 C = Inter-level travel time spent in this place.
 D = Time resting spent in this place.
 E = Time spent auto-exploring this place.
 F = Levels seen in this place.
 G = Mean time per level.
                   A        B        C        D        E       F      G
               +--------+--------+--------+--------+--------+-----+--------+
         Total |    151 |    151 |      0 |      0 |     82 |   1 |  151.0 |
       Dungeon |    151 |    151 |      0 |      0 |     82 |   1 |  151.0 |
               +--------+--------+--------+--------+--------+-----+--------+

Top non-repeatable levels by time:
     D:1: 151 daAuts
